 Dungeon Crawl Stone Soup version 0.21.1-72-gffa868e0fe (webtiles) character file.

1909 Peloso the Carver (level 8, -4/71 HPs)
             Began as a Minotaur Fighter on Aug 5, 2018.
             Was a Follower of Okawaru.
             Slain by Edmund
             ... wielding a +5 dire flail of draining
              (5 damage)
             ... on level 6 of the Dungeon.
             The game lasted 00:10:06 (3956 turns).

Peloso the Carver (Minotaur Fighter)                Turns: 3956, Time: 00:10:06

Health: -4/71      AC: 13    Str: 22    XL:     8   Next: 94%
Magic:  7/7        EV:  4    Int:  8    God:    Okawaru [*.....]
Gold:   353        SH:  9    Dex: 11    Spells: 7/7 levels left

rFire    . . .     SeeInvis .   a - +1 long sword
rCold    . . .     Gourm    .   c - +0 shield
rNeg     . . .     Faith    .   b - +1 plate armour
rPois    .         Spirit   .   (helmet restricted)
rElec    .         Reflect  .   (no cloak)
rCorr    .         Harm     .   (no gloves)
MR       .....                  (no boots)
Stlth    ..........             n - amulet of regeneration
HPRegen  0.61/turn              i - +3 ring of intelligence
MPRegen  0.10/turn              (no ring)

@: heavily drained
A: retaliatory headbutt, horns 2
a: Heroism, Renounce Religion


You were on level 6 of the Dungeon.
You worshipped Okawaru.
Okawaru was aware of your devotion.
You were not hungry.

You visited 2 branches of the dungeon, and saw 7 of its levels.

You collected 353 gold pieces.

Inventory:

Hand Weapons
 a - a +1 long sword (weapon)
Armour
 b - a +1 plate armour (worn)
 c - a +0 shield (worn)
Jewellery
 h - an uncursed amulet of magic regeneration {unknown}
 i - a +3 ring of intelligence (left hand)
 n - an amulet of regeneration (around neck)
 y - an uncursed ring of flight {unknown}
Wands
 z - a wand of acid (3)
 A - a wand of scattershot (7)
Scrolls
 g - a scroll of blinking {unknown}
 j - a scroll of fear
 k - 2 scrolls of enchant armour
 l - 2 scrolls of teleportation
 p - a scroll of remove curse
 s - a scroll of random uselessness {unknown}
 t - 2 scrolls of identify
 w - a scroll of noise {unknown}
 B - a scroll of enchant weapon
 D - a scroll of amnesia
Potions
 d - a potion of might
 e - 8 potions of curing
 m - a potion of mutation {unknown}
 o - a potion of agility {unknown}
 q - a potion of haste
 r - 3 potions of flight {unknown}
 u - a potion of heal wounds {unknown}
 v - 3 potions of berserk rage
 x - a potion of resistance {unknown}
Comestibles
 f - 10 rations


   Skills:
 + Level 6.5(3.7) Fighting
 + Level 8.8(5.8) Long Blades
 + Level 8.0(5.1) Armour
 + Level 1.8(0.0) Dodging
 + Level 6.9(4.0) Shields


You had 7 spell levels left.
You didn't know any spells.

Dungeon Overview and Level Annotations

Branches:
Dungeon (6/15)             Temple (1/1) D:5

Altars:
Ashenzari
Cheibriados
Dithmenos
Elyvilon
Fedhas
Gozag
Hepliaklqana
Kikubaaqudgha
Makhleb
Nemelex Xobeh
Okawaru
Qazlal
Ru
Sif Muna
Trog
Vehumet
Yredelemnul
The Shining One

Shops:
D:5 ?

Annotations:
D:6 Edmund


Innate Abilities, Weirdness & Mutations

You reflexively headbutt those who attack you in melee.
You have a pair of horns on your head.


Message History

Edmund hits you but does no damage.
You feel drained.
Unknown command.
You barely miss Edmund.
Edmund is moderately wounded.
Edmund hits you with a dire flail of draining!
* * * LOW HITPOINT WARNING * * *
You feel drained.
* * * LOW HITPOINT WARNING * * *
Edmund hits you with a dire flail of draining.
* * * LOW HITPOINT WARNING * * *
You feel drained.
* * * LOW HITPOINT WARNING * * *
Your shield and plate armour prevent you from hitting Edmund.
Edmund is moderately wounded.
Edmund hits you with a dire flail of draining!
* * * LOW HITPOINT WARNING * * *
You feel drained.
* * * LOW HITPOINT WARNING * * *
Edmund hits you with a dire flail of draining.
You die...

...# ...# ...#[...#
.>##....
..#....#################
..#....#..#.............
..#....+..#.............
..+....#..#.............
..#....#..'.....@.......
+##....##'###.##@#######
....#'###.######o#######
....#......#....oo......
....#......#....?.......
....+......#...........>
....#......+............
....#......#......".....
....#..######.##.#######


You could see Edmund (berserk) and 3 orcs.

Vanquished Creatures
  The ghost of Gunterle the Poker, a novice OgGl of Qazlal (D:4)
  Sigmund (D:2)
  The ghost of Tali the Chopper, an amateur DsBe of Trog (D:3)
  3 ogres
  An orc warrior (D:5)
  An ice beast (D:6)
  3 scorpions
  A crimson imp (D:5)
  2 bullfrog skeletons
  4 orc priests
  A jelly (D:5)
  3 orc wizards
  Terence (D:2)
  4 worker ants
  2 hound skeletons
  4 gnolls (D:5)
  5 adders
  A shadow imp (D:6)
  An ooze (D:2)
  A worm (D:4)
  2 adder skeletons
  5 leopard geckos
  18 orcs
  3 giant cockroaches
  5 goblins
  7 hobgoblins
  11 jackals
  3 quokkas
  A ball python (D:3)
  6 bats
  5 frilled lizards
  A jackal skeleton (D:4)
  5 kobolds
  5 rats
118 creatures vanquished.

Notes
Turn   | Place    | Note
-------+----------+-------------------------------------------
     0 | D:1      | Peloso the Minotaur Fighter began the quest for the Orb.
     0 | D:1      | Reached XP level 1. HP: 19/19 MP: 0/0
    57 | D:1      | Reached XP level 2. HP: 24/27 MP: 1/1
   576 | D:2      | Noticed Sigmund
   581 | D:2      | Killed Sigmund
   581 | D:2      | Reached XP level 3. HP: 26/35 MP: 2/2
   581 | D:2      | Reached XP level 4. HP: 30/41 MP: 3/3
   581 | D:2      | Reached XP level 5. HP: 35/47 MP: 4/4
   774 | D:2      | Noticed Terence
   781 | D:2      | Killed Terence
   781 | D:2      | Reached skill level 1 in Dodging
   924 | D:2      | Reached skill level 5 in Armour
   925 | D:2      | Found an ancient bone altar of Kikubaaqudgha.
  1123 | D:3      | Noticed Tali's ghost (amateur DsBe)
  1145 | D:3      | Killed Tali's ghost
  1145 | D:3      | Reached skill level 5 in Fighting
  1145 | D:3      | Reached skill level 5 in Shields
  1145 | D:3      | Reached XP level 6. HP: 9/56 MP: 5/5
  1794 | D:4      | Reached skill level 5 in Long Blades
  1867 | D:4      | Reached XP level 7. HP: 61/61 MP: 6/6
  2024 | D:4      | Noticed Gunterle's ghost (novice OgGl)
  2049 | D:4      | Killed Gunterle's ghost
  2049 | D:4      | Reached XP level 8. HP: 39/69 MP: 7/7
  2657 | D:5      | Entered Level 5 of the Dungeon
  2699 | D:5      | Found a staircase to the Ecumenical Temple.
  2735 | Temple   | Entered the Ecumenical Temple
  2839 | Temple   | Became a worshipper of Warmaster Okawaru
  2997 | D:5      | Found Bofe's Magic Scroll Emporium.
  3368 | D:5      | Found a stormy altar of Qazlal.
  3812 | D:6      | Reached * piety under Okawaru
  3940 | D:6      | Noticed Edmund
  3956 | D:6      | HP: 3/71 [Edmund/dire flail of draining (7)]
  3956 | D:6      | HP: 1/71 [Edmund/dire flail of draining (2)]
  3956 | D:6      | Slain by Edmund

Skill      XL: |  1  2  3  4  5  6  7  8 |
---------------+-------------------------+-----
Shields        | 4 5 6 |  6.9
Fighting       | 4 5 6 |  6.5
Long Blades    | 4 5 6 8 |  8.8
Armour         | 4 5 6 8 |  8.0
Dodging        | 1 |  1.8

Action                   |  1- 3 |  4- 6 |  7- 9 || total
-------------------------+-------+-------+-------++-------
Melee: Long sword        |    52 |   101 |   211 ||   364
       Headbutt          |     9 |    12 |    38 ||    59
  Use: Potion            |     1 |     1 |       ||     2
       Scroll            |       |     8 |       ||     8
  Eat: Chunk             |       |     3 |     7 ||    10
Armor: Scale mail        |    20 |    13 |       ||    33
       Plate armour      |       |    17 |   120 ||   137
Dodge: Dodged            |    15 |    26 |    39 ||    80
Block: Shield            |    33 |    33 |   141 ||   207
       Rpst.: Long sword |     4 |     7 |    13 ||    24
